 Dungeon Crawl Stone Soup version 0.24.0-123-gd5b16e6ec5 (webtiles) character file.

Game seed: 16496553352290967901, levelgen mode: deterministic

574 Elellon the Shield-Bearer (level 7, 0/60 HPs)
             Began as a Minotaur Fighter on Jan 3, 2020.
             Was an Initiate of Okawaru.
             Succumbed to Dowan's poison
             ... on level 5 of the Dungeon.
             The game lasted 00:07:57 (3288 turns).

Elellon the Shield-Bearer (Minotaur Fighter)        Turns: 3288, Time: 00:07:57

Health: 0/60       AC: 14    Str: 23    XL:     7   Next: 12%
Magic:  6/6        EV:  7    Int:  5    God:    Okawaru [......]
Gold:   227        SH: 10    Dex:  9    Spells: 6/6 levels left

rFire    . . .     SeeInvis .   a - +0 long sword
rCold    . . .     Gourm    .   c - +0 shield
rNeg     . . .     Faith    .   z - +0 chain mail
rPois    .         Spirit   .   (helmet restricted)
rElec    .         Reflect  .   j - +0 cloak
rCorr    .         Harm     .   y - +2 pair of gloves
MR       .....                  (no boots)
Stlth    ..........             (no amulet)
HPRegen  0.20/turn              (no ring)
MPRegen  0.10/turn              (no ring)

@: lethally poisoned (0 -> -3)
A: retaliatory headbutt, horns 2
a: Renounce Religion


You were on level 5 of the Dungeon.
You worshipped Okawaru.
Okawaru was noncommittal.
You were very hungry.

You visited 2 branches of the dungeon, and saw 6 of its levels.

You collected 227 gold pieces.

Inventory:

Hand Weapons
 a - a +0 long sword (weapon)
Armour
 b - a +0 scale mail
 c - a +0 shield (worn)
 j - a +0 cloak (worn)
 k - a +0 pair of gloves
 o - a +1 scale mail of fire resistance
 s - a +0 cloak
 y - a +2 pair of gloves (worn)
 z - a +0 chain mail (worn)
Jewellery
 q - an uncursed ring of protection from magic {unknown}
Wands
 w - a wand of acid (14)
Scrolls
 g - a scroll of random uselessness {unknown}
 l - 3 scrolls of teleportation {unknown}
 m - 2 scrolls of amnesia {unknown}
 p - 4 scrolls of noise {unknown}
 r - 3 scrolls of identify {unknown}
 t - a scroll of magic mapping {unknown}
 u - a scroll of fog {unknown}
 x - a scroll of remove curse {unknown}
Potions
 d - 2 potions of might
 e - 2 potions of lignification {unknown}
 h - a potion of magic {unknown}
 i - a potion of ambrosia {unknown}
 n - 2 potions of flight {unknown}
 v - a potion of haste {unknown}
Comestibles
 f - 12 rations


   Skills:
 + Level 4.3 Fighting
 * Level 6.1 Long Blades
 + Level 5.1 Armour
 - Level 2.0 Dodging
 - Level 0.1 Stealth
 + Level 6.2 Shields


You had 6 spell levels left.
You didn't know any spells.
Your spell library was empty.

Dungeon Overview and Level Annotations

Branches:
Dungeon (5/15)             Temple (1/1) D:4

Altars:
Cheibriados
Dithmenos
Elyvilon
Fedhas
Gozag
Kikubaaqudgha
Nemelex Xobeh
Okawaru
Qazlal
Ru
Sif Muna
Trog
Uskayaw
Vehumet
Wu Jian
Yredelemnul
The Shining One

Annotations:
D:5 Duvessa


Innate Abilities, Weirdness & Mutations

You reflexively headbutt those who attack you in melee.
You have a pair of horns on your head.


Message History

You are too injured to fight recklessly!
You hit Duvessa but do no damage. You headbutt Duvessa!
Duvessa is lightly wounded.
You feel sick. Duvessa closely misses you.
You closely miss Duvessa.
Duvessa is lightly wounded.
You feel sick.
Duvessa hits you with a +2 short sword of electrocution!
* * * LOW HITPOINT WARNING * * *
You block Duvessa's attack.
You hit Duvessa but do no damage.
Duvessa is lightly wounded.
* * * LOW HITPOINT WARNING * * *
You feel sick. You block Duvessa's attack. Duvessa hits you but does no damage.
Your shield and chain mail prevent you from hitting Duvessa.
Duvessa is lightly wounded.
Duvessa barely misses you. You block Duvessa's attack.
You closely miss Duvessa.
Duvessa is lightly wounded.
You die...

.......## .........#
###..........# ...<...........
###...............
##########.e...............
##.......).@# .............#
######..##########..............#
#.............. ...............†#
..#.......#######.#.............#
#######..........................
........########.................
########.............##.#.......#
#...#####..##..###..#......#
##.### #..#................


You could see Duvessa (berserk).

Vanquished Creatures
  Purgy (D:3)
  A bullfrog (D:4)
  Dowan (D:5)
  A crimson imp (D:3)
  A centaur zombie (D:5)
  A bullfrog zombie (D:5)
  Jessica (D:2)
  Robin (D:3)
  3 gnolls (D:5)
  12 adders
  2 oozes
  An adder zombie (D:1)
  2 worms (D:2)
  A leopard gecko (D:3)
  2 orcs
  2 giant cockroaches (D:2)
  13 goblins
  7 hobgoblins
  4 jackals (D:3)
  9 kobolds
  2 quokkas (D:5)
  2 ball pythons
  8 bats
  12 frilled lizards
  A quokka zombie (D:1)
  2 rats
93 creatures vanquished.

Notes
Turn   | Place    | Note
-------+----------+-------------------------------------------
     0 | D:1      | Elellon the Minotaur Fighter began the quest for the Orb.
     0 | D:1      | Reached XP level 1. HP: 19/19 MP: 0/0
   596 | D:1      | Reached XP level 2. HP: 27/27 MP: 1/1
  1205 | D:2      | Noticed Jessica
  1224 | D:2      | Killed Jessica
  1224 | D:2      | Reached XP level 3. HP: 22/33 MP: 2/2
  1334 | D:2      | Reached XP level 4. HP: 40/40 MP: 3/3
  1356 | D:2      | Reached skill level 5 in Shields
  1382 | D:2      | Reached skill level 1 in Dodging
  1858 | D:3      | Reached XP level 5. HP: 38/46 MP: 4/4
  2012 | D:3      | Noticed Purgy
  2025 | D:3      | Killed Purgy
  2378 | D:3      | Reached XP level 6. HP: 47/52 MP: 5/5
  2409 | D:3      | Noticed Robin
  2417 | D:3      | Killed Robin
  2500 | D:3      | Found a white marble altar of Elyvilon.
  2502 | D:3      | Found a blossoming altar of Fedhas.
  2643 | D:4      | Found a staircase to the Ecumenical Temple.
  2652 | Temple   | Entered the Ecumenical Temple
  2657 | Temple   | Became a worshipper of Warmaster Okawaru
  2817 | D:4      | Reached skill level 5 in Long Blades
  2817 | D:4      | Reached skill level 5 in Armour
  2960 | D:5      | Entered Level 5 of the Dungeon
  3190 | D:5      | Reached XP level 7. HP: 50/59 MP: 6/6
  3272 | D:5      | Noticed Dowan
  3278 | D:5      | Killed Dowan
  3279 | D:5      | Noticed Duvessa
  3285 | D:5      | HP: 2/60 [Duvessa/+2 short sword of electrocution (11)]
  3288 | D:5      | Succumbed to Dowan's poison

Levels and vault maps discovered:
D:1:      saegor_arrival_fortress, layout_basic, chequers_mini_garden
D:2:      kennysheep_big_flooded_room, layout_loops_cross, eino_tiny_chamber,
          uniq_jessica
D:3:      layout_basic, gammafunk_temple_overflow_pools, uniq_robin, uniq_purgy
D:4:      layout_cave_pools, temple_fountains
D:5:      layout_rooms, first_ration, kennysheep_generic_room_15, uniq_duvessa
Temple:   minmay_freezing_vapour_temple

Skill      XL: |  1  2  3  4  5  6  7 |
---------------+----------------------+-----
Shields        | 4 5 6 |  6.2
Armour         | 4 5 |  5.1
Long Blades    | 3 4 5 6 |  6.1
Dodging        | 1 2 |  2.0
Fighting       | 4 |  4.3
Stealth        | |  0.1

Action                   |  1- 3 |  4- 6 |  7- 9 || total
-------------------------+-------+-------+-------++-------
Melee: Long sword        |    69 |   183 |    14 ||   266
       Headbutt          |     9 |    30 |     3 ||    42
  Eat: Chunk             |     1 |     6 |       ||     7
Armor: Scale mail        |    34 |    94 |     1 ||   129
       Chain mail        |       |       |     5 ||     5
Dodge: Dodged            |    29 |    70 |     4 ||   103
Block: Shield            |    46 |   131 |     6 ||   183
       Rpst.: Long sword |     6 |    21 |       ||    27
